 Dungeon Crawl Stone Soup version 0.16-a0-967-g37ceb3c (webtiles) character file.

3011 Ratboiler the Gouger (level 9, -7/41 HPs)
             Began as a Felid Ice Elementalist on Oct 2, 2014.
             Was an Elder of Ru.
             Mangled by a wolf (9 damage)
             ... led by Grum
             ... on Level 4 of the Orcish Mines.
             The game lasted 01:24:56 (24314 turns).

Ratboiler the Gouger (Felid Ice Elementalist)      Turns: 24314, Time: 01:24:56

HP  -7/41        AC  2     Str  4      XL: 9   Next: 55%
MP  19/19        EV 24     Int 20      God: Ru [****..]
Gold 789         SH  0     Dex 17      Spells:  7 memorised,  0 levels left
Lives: 0, deaths: 2

rFire  . . .     SeeInvis +       - Unarmed
rCold  . . .     Clarity  .     (armour unavailable)
rNeg   . . .     rCorr    .     (shield unavailable)
rPois  .         rRot     .     (helmet unavailable)
rElec  .         Spirit   .     (cloak unavailable)
SustAb .         Warding  .     (gloves unavailable)
rMut   .         Stasis   .     (boots unavailable)
Gourm  .                        (no amulet)
MR     +....                    (no ring)
                                w - +1 ring of evasion

@: no potions, no scrolls, quick, somewhat resistant to hostile enchantments,
extremely unstealthy
A: paw claws, no armour, no weapons or thrown items, fangs 3, see invisible,
carnivore 3, speed 1, low mp 1, shaggy fur 2, slow metabolism 1, jump 2,
inability to drink while threatened, inability to read while threatened, no
stealth
a: Jump Attack, Draw Out Power, Power Leap, Renounce Religion


You were on level 4 of the Orcish Mines.
You worshipped Ru.
Ru was greatly pleased with you.
You were not hungry.

You visited 4 branches of the dungeon, and saw 17 of its levels.

You collected 845 gold pieces.
You spent 56 gold pieces at shops.

Inventory:

Magical devices
 h - a wand of heal wounds (0)
 k - a wand of enslavement (3)
 I - a wand of slowing (9)
 K - a wand of confusion (5)
 L - a wand of lightning (6)
Comestibles
 c - 4 meat rations
 g - 2 beef jerkies
 r - 10 royal jellies
 E - 2 slices of pizza
Scrolls
 a - 2 scrolls of blinking
 d - 3 scrolls of enchant armour
 e - a scroll of enchant weapon
 f - 5 scrolls of remove curse
 l - 2 scrolls of amnesia
 m - 2 scrolls of fear
 p - a scroll of noise
 u - 2 scrolls of vulnerability {unknown}
 v - 3 scrolls of immolation {unknown}
 x - a scroll of magic mapping {unknown}
 C - 2 scrolls of teleportation {unknown}
Jewellery
 w - a +1 ring of evasion (left paw)
 D - an uncursed ring of teleportation
Potions
 i - a potion of brilliance
 j - 3 potions of heal wounds
 n - 2 potions of curing
 o - 4 potions of might
 q - a potion of agility
 s - 2 potions of poison {unknown}
 z - 2 potions of haste
 A - a potion of restore abilities
 B - a potion of magic {unknown}
 G - a potion of invisibility
 J - a potion of mutation {unknown}
Books
 b - a book of Frost

   Spells                             Type                      Level
   *Freeze                            Ice                          1
   *Throw Frost                       Conjuration/Ice              2
   *Ozocubu's Armour                  Charms/Ice                   3
   *Throw Icicle                      Conjuration/Ice              4
   *Summon Ice Beast                  Ice/Summoning                4
   Condensation Shield                Ice                          4
 y - Sif Muna's Collected Works on Sinister Arts and Transformation
   (You found it on level 9 of the Dungeon)

   Spells                             Type                      Level
   *Animate Skeleton                  Necromancy                   1
   Beastly Appendage                  Transmutation                1
   Spider Form                        Transmutation/Poison         3
   Control Undead                     Necromancy                   4
   Agony                              Necromancy                   5
   Simulacrum                         Ice/Necromancy               6
 F - a book of Enchantments

   Spells                             Type                      Level
   Tukima's Dance                     Hexes                        3
   Cause Fear                         Hexes                        4
   Silence                            Hexes/Air                    5
   Deflect Missiles                   Charms/Air                   6
   Haste                              Charms                       6
   Discord                            Hexes                        8
 H - a book of Power

   Spells                             Type                      Level
   Fulminant Prism                    Conjuration/Hexes            4
   Iskenderun's Mystic Blast          Conjuration                  4
   Venom Bolt                         Conjuration/Poison           5
   Bolt of Magma                      Conjuration/Fire/Earth       5
   Iron Shot                          Conjuration/Earth            6
   Orb of Destruction                 Conjuration                  7
 M - a book of Clouds

   Spells                             Type                      Level
   *Mephitic Cloud                    Conjuration/Poison/Air       3
   Conjure Flame                      Conjuration/Fire             3
   Poisonous Cloud                    Conjuration/Poison/Air       6
   Freezing Cloud                     Conjuration/Ice/Air          6
   Ring of Flames                     Charms/Fire                  7


   Skills:
 - Level 6.0 Fighting
 - Level 7.9 Dodging
   Level 0.0 Stealth
 * Level 10.0 Unarmed Combat
 - Level 4.0 Spellcasting
 - Level 7.7 Conjurations
 - Level 4.3 Summonings
 - Level 8.0 Ice Magic


You couldn't memorise any spells.
You knew the following spells:

 Your Spells              Type           Power        Failure   Level  Hunger
a - Freeze                Ice            ####         1%          1    None
b - Throw Frost           Conj/Ice       #####.       1%          2    #......
c - Ozocubu's Armour      Chrm/Ice       ###.....     10%         3    ###....
d - Summon Ice Beast      Ice/Summ       ####....     12%         4    ####...
e - Throw Icicle          Conj/Ice       #####...     8%          4    ####...
f - Animate Skeleton      Necr           N/A          14%         1    None
g - Mephitic Cloud        Conj/Pois/Air  ##......     14%         3    ###....


Dungeon Overview and Level Annotations

Branches:
Dungeon (11/15)            Temple (1/1) D:5             Orc (4/4) D:11
    Elf (0/3) Orc:3          Lair (1/8) D:10

Altars:
Ashenzari
Cheibriados
Dithmenos
Elyvilon
Fedhas
Gozag
Kikubaaqudgha
Makhleb
Nemelex Xobeh
Okawaru
Qazlal
Ru
Sif Muna
Trog
Vehumet
Xom
Yredelemnul
Zin
The Shining One

Shops:
D:5 *   D:9 %

Annotations:
Orc:4 Grum, Maurice


Innate Abilities, Weirdness & Mutations

You cannot wear armour.
You are incapable of wielding weapons or throwing items.
Your paws have sharp claws.
You have razor-sharp teeth.
You have supernaturally acute eyesight.
You are carnivorous and can eat meat at any time.
You cover ground quickly.
Your magical capacity is low (-10% MP).
You are covered in thick fur (AC +2).
You have a slow metabolism.
You can jump attack at a medium distance.
You cannot drink potions while threatened.
You cannot read scrolls while threatened.
You cannot be stealthy.


Message History

Maurice blinks!
Unknown command.
You closely miss the orc priest. Your claw misses the orc priest.
The wolf closely misses you. x2
The orc misses you. The wolf completely misses you. The wolf bites you.
* * * LOW HITPOINT WARNING * * *
The orc priest completely misses you.
You claw the orc wizard!
You kill the orc wizard!
The wolf closely misses you. x2
The orc completely misses you.
Maurice zaps a wand.
The bolt of fire hits the orc.
The orc dies!
The bolt of fire hits the orc.
The orc dies!
The bolt of fire misses you. The wolf misses you. The wolf barely misses you.
The orc misses you. The wolf bites you!
You feel threatened and lose the ability to read scrolls!
You feel threatened and lose the ability to drink potions!
You die...

#...........
##..........
##...........
#...g........
#............
#$...........
#..gO........
#.hhho.......
#.$@[).$@.$.
#.o)o.......
##.........$
#.........
...$......
#.........
##.$.....
....... ...


You could see Maurice, Grum, an ogre, 3 wolves, an orc priest, 2 orcs and a
goblin.

Vanquished Creatures
  A tengu conjurer (D:11)
  A two-headed ogre (D:11)
  Prince Ribbit (D:3)
  A shadow (D:11)
  A wyvern (D:11)
  2 yaks
  A hill giant zombie (D:11)
  A wolf (Orc:4)
  2 wargs
  2 mottled dragons (D:11)
  A black bear (D:7)
  6 orc warriors
  3 ogres
  2 centaurs
  5 sky beasts
  A big kobold (D:11)
  3 giant frogs
  A cyclops skeleton (D:11)
  2 wights (D:11)
  9 killer bees
  6 hounds
  A giant frog zombie (D:11)
  7 orc priests
  2 crimson imps
  4 iguanas
  12 worker ants
  8 orc wizards
  Natasha (thrice) (D:5)
  A sheep (Orc:3)
  13 adders
  An orc zombie (D:3)
  3 gnolls (D:2)
  A giant mite (D:8)
  3 worms
  An orc skeleton (D:7)
  12 giant geckos
  57 orcs
  12 bats
  4 giant cockroaches
  20 goblins
  9 hobgoblins
  11 jackals
  6 quokkas
  3 ball pythons
  2 giant gecko skeletons
  A giant gecko zombie (D:7)
  6 giant newts
  20 kobolds
  12 rats
  A ballistomycete (D:7)
288 creatures vanquished.

Vanquished Creatures (collateral kills)
  The ghost of ciphuk the Basher, an experienced DDBe of Trog (D:9)
  4 hill giants
  An ugly thing (D:11)
  2 cyclopes
  The ghost of flinch the Basher, an experienced OgBe of Trog (D:6)
  Grinder (D:6)
  2 trolls
  A basilisk (D:11)
  A wyvern (D:11)
  A hungry ghost (D:11)
  5 yaks
  A human (D:11)
  Edmund (D:6)
  2 hippogriffs (D:10)
  2 wargs (D:10)
  A yellow wasp (D:8)
  3 ice beasts
  6 orc warriors
  A sky beast (D:7)
  A manticore zombie (D:9)
  2 phantoms
  2 black bears
  2 centaurs
  5 ogres
  2 crocodiles
  A big kobold (D:11)
  4 giant frogs
  Blork the orc (D:10)
  2 scorpions
  5 killer bees
  7 wights
  A yak skeleton (D:9)
  2 crimson imps
  9 orc priests
  2 hounds
  5 jellies
  A giant frog skeleton (D:10)
  7 orc wizards
  Crazy Yiuf (D:6)
  A centaur zombie (D:9)
  A centaur skeleton (D:6)
  6 worker ants
  A kobold skeleton (D:8)
  A sheep (Orc:3)
  A big kobold zombie (D:11)
  2 worker ant zombies
  3 shadow imps
  An orc skeleton (D:9)
  5 oozes (D:10)
  43 orcs
  A goblin (D:6)
  2 hobgoblins
  7 jackals
  A quokka (D:6)
  A hobgoblin skeleton (D:8)
  A kobold (D:11)
  A quokka zombie (D:5)
  2 rats (D:10)
  A ballistomycete (D:7)
181 creatures vanquished.

Vanquished Creatures (others)
  A warg (Orc:1)
  47 ice beasts
  An ogre (Orc:3)
  2 orcs (Orc:4)
  A quokka (D:5)
  A giant spore (D:7)
  A kobold (D:11)
54 creatures vanquished.

Grand Total: 523 creatures vanquished

Notes
Turn   | Place    | Note
--------------------------------------------------------------
     0 | D:1      | Ratboiler, the Felid Ice Elementalist, began the quest for the Orb.
     0 | D:1      | Reached XP level 1. HP: 7/7 MP: 4/4
   111 | D:1      | Reached skill level 3 in Ice Magic
   542 | D:1      | Reached XP level 2. HP: 11/11 MP: 3/5
   549 | D:1      | Learned a level 2 spell: Throw Frost
  1095 | D:2      | Found a white marble altar of Elyvilon.
  1267 | D:2      | Reached XP level 3. HP: 14/14 MP: 0/8
  1341 | D:2      | Learned a level 3 spell: Ozocubu's Armour
  1385 | D:2      | Reached skill level 4 in Ice Magic
  1814 | D:2      | Reached XP level 4. HP: 18/18 MP: 1/10
  1957 | D:2      | Found an ancient bone altar of Kikubaaqudgha.
  1960 | D:2      | Found a bloodstained altar of Trog.
  2432 | D:3      | Reached skill level 5 in Ice Magic
  2708 | D:3      | Reached XP level 5. HP: 21/21 MP: 4/12
  4408 | D:4      | Noticed an ogre
  4443 | D:4      | Reached skill level 6 in Ice Magic
  4555 | D:4      | Gained mutation: You are covered in thick fur (AC +2). [growing up]
  4555 | D:4      | Gained mutation: You can jump attack at a medium distance. [growing up]
  4555 | D:4      | Reached XP level 6. HP: 18/24 MP: 8/14
  5023 | D:4      | Noticed Prince Ribbit
  5195 | D:4      | Killed an ogre
  5195 | D:4      | Reached skill level 7 in Ice Magic
  5374 | D:3      | Killed Prince Ribbit
  5374 | D:3      | Reached XP level 7. HP: 27/27 MP: 0/17
  5563 | D:4      | Reached skill level 8 in Ice Magic
  5570 | D:4      | Reached skill level 1 in Conjurations
  5576 | D:4      | Learned a level 4 spell: Summon Ice Beast
  5767 | D:5      | Entered Level 5 of the Dungeon
  5852 | D:5      | Found a staircase to the Ecumenical Temple.
  5863 | Temple   | Entered the Ecumenical Temple
  6040 | Temple   | Became a worshipper of Ru the Awakened
  6205 | D:5      | Reached skill level 1 in Summonings
  6466 | D:5      | Noticed Natasha
  6479 | D:5      | Killed Natasha
  6879 | D:5      | Found Clatta's Assorted Antiques.
  6898 | D:5      | Bought a scroll of identify for 56 gold pieces
  6966 | D:5      | Noticed Natasha
  6970 | D:5      | Killed Natasha
  7047 | D:5      | Noticed Natasha
  7048 | D:5      | Killed Natasha
  7193 | D:5      | Found a burning altar of Makhleb.
  7555 | D:6      | Noticed Crazy Yiuf
  7563 | D:6      | Killed Crazy Yiuf
  7668 | D:6      | Gained mutation: You cannot read scrolls while threatened. [Ru sacrifice]
  7668 | D:6      | Acquired Ru's first power
  7715 | D:6      | Reached XP level 8. HP: 22/31 MP: 6/18
  7951 | D:6      | Noticed flinch's ghost (experienced OgBe)
  8051 | D:6      | Killed flinch's ghost
  8472 | D:6      | Noticed Edmund
  8543 | D:6      | Killed Edmund
  8697 | D:6      | Reached skill level 5 in Conjurations
  8790 | D:6      | Noticed Grinder
  8829 | D:6      | Killed Grinder
  9249 | D:6      | Reached XP level 9. HP: 34/34 MP: 7/19
  9652 | D:7      | Noticed Blork the orc
 10288 | D:7      | Found a shattered altar of Ashenzari.
 10292 | D:7      | Found a shimmering altar of Xom.
 10292 | D:7      | Found a radiant altar of Vehumet.
 10292 | D:7      | Found a shadowy altar of Dithmenos.
 10294 | D:7      | Found a glowing golden altar of the Shining One.
 10357 | D:7      | Reached skill level 1 in Fighting
 11848 | D:8      | Reached skill level 5 in Dodging
 12017 | D:8      | Gained mutation: You cannot drink potions while threatened. [Ru sacrifice]
 12017 | D:8      | Acquired Ru's second power
 13757 | D:9      | Reached skill level 5 in Fighting
 14606 | D:9      | Reached XP level 10. HP: 36/44 MP: 4/21
 14682 | D:9      | Found Cugab's Food Shop.
 14929 | D:9      | Identified Sif Muna's Collected Works on Sinister Arts and Transformation
 14935 | D:9      | Learned a level 4 spell: Throw Icicle
 15072 | D:9      | Noticed ciphuk's ghost (experienced DDBe)
 15136 | D:9      | Killed ciphuk's ghost
 15584 | D:10     | Entered Level 10 of the Dungeon
 15803 | D:10     | Killed Blork the orc
 15959 | D:10     | Learned a level 1 spell: Animate Skeleton
 16124 | D:10     | Gained mutation: You cannot be stealthy. [Ru sacrifice]
 16124 | D:10     | Acquired Ru's third power
 16979 | D:10     | Found a staircase to the Lair.
 17270 | Lair:1   | Entered Level 1 of the Lair of Beasts
 17294 | Lair:1   | Noticed a black mamba
 17580 | D:10     | Noticed a hill giant
 17589 | D:10     | Killed a hill giant
 17674 | D:10     | Noticed a hill giant
 17788 | D:10     | Killed a hill giant
 18482 | D:11     | Noticed a hill giant
 18482 | D:11     | Noticed a hill giant
 18512 | D:11     | Killed a hill giant
 19054 | D:10     | Noticed a cyclops
 19068 | D:10     | Killed a cyclops
 19068 | D:10     | Reached skill level 5 in Unarmed Combat
 19841 | D:11     | Reached XP level 11. HP: 37/48 MP: 1/25
 20965 | D:11     | Found a staircase to the Orcish Mines.
 20976 | D:11     | Killed a hill giant
 22125 | D:11     | Reached skill level 9 in Unarmed Combat
 22302 | D:11     | Learned a level 3 spell: Mephitic Cloud
 22322 | Orc:1    | Entered Level 1 of the Orcish Mines
 22458 | Orc:2    | Gained mutation: Your magical capacity is low (-10% MP). [Ru sacrifice]
 22458 | Orc:2    | Acquired Ru's fourth power
 23895 | Orc:3    | Found a staircase to the Elven Halls.
 24152 | Orc:3    | Killed from afar by an orc priest
 24153 | Orc:3    | Reached XP level 10. HP: -2/45 MP: 21/21
 24220 | Orc:3    | Noticed an orc warlord
 24261 | Orc:4    | Entered Level 4 of the Orcish Mines
 24261 | Orc:4    | Noticed Grum
 24278 | Orc:4    | Reached skill level 10 in Unarmed Combat
 24285 | Orc:4    | Slain by a wolf
 24286 | Orc:4    | Reached XP level 9. HP: 0/41 MP: 4/19
 24297 | Orc:4    | Noticed Maurice
 24313 | Orc:4    | HP: 2/41 [wolf[Grum] (2)]
 24314 | Orc:4    | Mangled by a wolf

Action                   |  1- 3 |  4- 6 |  7- 9 | 10-12 || total
-------------------------+-------+-------+-------+-------++-------
Melee: Unarmed           |     5 |    33 |   104 |   269 ||   411
 Cast: Freeze            |    65 |    88 |   162 |    71 ||   386
       Throw Frost       |     6 |    53 |    66 |     3 ||   128
       Ozocubu's Armour  |       |     3 |     9 |     3 ||    15
       Summon Ice Beast  |       |       |   120 |   161 ||   281
       Throw Icicle      |       |       |       |    68 ||    68
Invok: Sacrifice Words   |       |       |     1 |       ||     1
       Sacrifice Drink   |       |       |     1 |       ||     1
       Draw Out Power    |       |       |       |     4 ||     4
       Sacrifice Stealth |       |       |       |     1 ||     1
       Sacrifice Essence |       |       |       |     1 ||     1
Evoke: Wand              |       |       |     4 |     9 ||    13
  Use: Scroll            |       |       |    12 |     4 ||    16
       Potion            |       |       |     1 |     1 ||     2
 Stab: Sleeping          |       |       |     1 |       ||     1
       Distracted        |       |       |     1 |     3 ||     4
       Invisible         |       |       |       |     2 ||     2
  Eat: Chunk             |     9 |    12 |    47 |    66 ||   134
       Royal jelly       |       |       |       |     1 ||     1
       Pizza             |       |       |       |     1 ||     1
